 Dungeon Crawl Stone Soup version 0.28.0-47-ge53b351184 (webtiles) character file.

Game seed: 12613618850535590368

50 firemarshallily the Caller (level 3, 0/21 HPs)
             Began as a Merfolk Summoner on May 7, 2022.
             Was a Follower of Hepliaklqana.
             Slain by an adder (5 damage)
             ... on level 2 of the Dungeon.
             The game lasted 00:07:40 (934 turns).

firemarshallily the Caller (Merfolk Summoner)        Turns: 934, Time: 00:07:41

Health: 0/21       AC:  2    Str:  8    XL:     3   Next: 79%
Magic:  2/6        EV: 13    Int: 16    God:    Hepliaklqana [*.....]
Gold:   24         SH:  0    Dex: 14    Spells: 1/7 levels left

rFire   . . .      SeeInvis .   d - staff of cold
rCold   + . .      Faith    .   (no shield)
rNeg    . . .      Spirit   .   a - +0 robe
rPois   .          Reflect  .   (no helmet)
rElec   .          Harm     .   (no cloak)
rCorr   .          Rampage  .   (no gloves)
Will    .....                   (no boots)
Stlth   ++........              (no amulet)
HPRegen 0.07/turn               (no ring)
MPRegen 0.10/turn               (no ring)

@: no status effects
A: reduced essence, (nimble swimmer 2), mertail
a: Renounce Religion, Recall Ancestor, Ancestor Identity


You were on level 2 of the Dungeon.
You worshipped Hepliaklqana.
Hepliaklqana was aware of your devotion.
You visited 1 branch of the dungeon, and saw 2 of its levels.

You collected 24 gold pieces.

Inventory:

Missiles
 b - 2 javelins
 g - 41 stones (quivered)
Armour
 a - a +0 robe (worn)
Magical Staves
 d - a staff of cold (weapon)
Scrolls
 c - a scroll of magic mapping {unknown}
 h - a scroll of brand weapon
 j - 2 scrolls of vulnerability {unknown}
Potions
 i - a potion of berserk rage {unknown}


   Skills:
 - Level 3.0 Dodging
 - Level 2.4 Stealth
 + Level 2.6 Spellcasting
 * Level 4.7 Summonings


You had one spell level left.
You knew the following spells:

 Your Spells              Type           Power      Damage    Failure   Level
a - Summon Small Mammal   Summ           68%        N/A       2%          1
b - Call Imp              Summ           17%        N/A       4%          2
c - Call Canine Familiar  Summ           17%        N/A       9%          3

Your spell library contained the following spells:

 Spells                   Type           Power      Damage    Failure   Level
 Summon Guardian Golem    Hex/Summ       9%         N/A       22%         3
 Summon Lightning Spire   Summ/Air       9%         N/A       58%         4


Dungeon Overview and Level Annotations

Branches:
Dungeon (2/15)

Altars:
Hepliaklqana

Annotations:
D:2 Sigmund


Innate Abilities, Weirdness & Mutations

Your life essence is reduced to manifest your ancestor. (-10% HP)
((You are very nimble when in or above water. (Stealth+, EV+, Speed+++)))
Your lower body shifts to a powerful aquatic tail in water.


Message History

A hobgoblin comes into view.
Your bat hits Sigmund but does no damage.
Sigmund casts a spell at you. The magic dart hits you!
You swap places.
Your bat hits Sigmund but does no damage.
Sigmund says, "Now you see me, now you don't..."
Sigmund closely misses you.
Your bat completely misses Sigmund.
Sigmund gestures at you while chanting.
You are confused.
Are you sure you want to stumble around while confused and next to your bat?
Okay, then.
Are you sure you want to stumble around while confused and next to your bat?
Your bat barely misses the adder.
Your bat closely misses Sigmund.
Your bat barely misses the adder.
Your bat hits Sigmund but does no damage.
Sigmund mumbles some strange words.
Sigmund flickers and vanishes!
Deactivating autopickup; reactivate with Ctrl-A.
The adder barely misses you.
A puff of flame appears from out of thin air!
The puff of flame misses you.
You feel less confused.
Your bat hits something but does no damage.
The adder bites you.
You are poisoned.
The adder poisons you!
Your bat resists with significant effort.
You feel sick.
Your bat barely misses the adder.
You feel sick. The adder barely misses you.
You feel sick.
You feel sick.
You feel sick. The adder bites you.
You feel sick.
There is a stone staircase leading up here.
You feel sick.
You are no longer poisoned.
The adder bites you.
You die...

# #†......#.##........#
#.#(S.......##........#
...g§##.....##.†......#
#.##g...>##........#
#g.....b.##........#
#.K.##K..##........#
#...##...##........#
#...####.##........#
##### #.##.#@.#####
#....S..# #########


You could see an adder.

Vanquished Creatures
  A bat (D:1)
  A giant cockroach (D:1)
  A goblin (D:1)
  A hobgoblin (D:1)
  A kobold (D:1)
  A rat (D:1)
6 creatures vanquished.

Vanquished Creatures (collateral kills)
  An adder (D:2)
  2 dart slugs (D:1)
  4 ball pythons
  2 bats (D:1)
  3 endoplasms (D:1)
  3 giant cockroaches (D:1)
  A goblin (D:1)
  2 hobgoblins (D:1)
  A quokka (D:1)
  3 frilled lizards (D:1)
  4 kobolds
  4 rats (D:1)
30 creatures vanquished.

Vanquished Creatures (others)
  An ancestor (D:2)
1 creature vanquished.

Grand Total: 37 creatures vanquished

Notes
Turn   | Place    | Note
-------+----------+-------------------------------------------
     0 | D:1      | firemarshallily the Merfolk Summoner began the quest for
                  | the Orb.
     0 | D:1      | Reached XP level 1. HP: 13/13 MP: 3/3
   103 | D:1      | Reached XP level 2. HP: 19/19 MP: 5/5
   151 | D:1      | Found a faded altar of an unknown god.
   175 | D:1      | Prayed at the altar of an unknown god.
   175 | D:1      | Became a worshipper of Hepliaklqana the Forgotten
   175 | D:1      | Reached * piety under Hepliaklqana
   550 | D:1      | Reached XP level 3. HP: 21/21 MP: 3/6
   864 | D:2      | Learned a level 2 spell: Call Imp
   868 | D:2      | Learned a level 3 spell: Call Canine Familiar
   903 | D:2      | Noticed Sigmund
   934 | D:2      | Slain by an adder

Illustrated notes

Levels and vault maps discovered:
D:1:      dpeg_arrival_arbitrary_b, layout_basic,
          chequers_ecumenical_altar_simple
D:2:      layout_basic, basic_altar, grunt_decor_junction, uniq_sigmund,
          uniq_jessica, uniq_terence

Skill      XL: |  1  2 |
---------------+-------+-----
Dodging        | 3 |  3.0
Stealth        | |  2.4
Spellcasting   | |  2.6
Summonings     | |  4.7

Action                   || total
-------------------------++-------
Melee: Unarmed           ||     1
       Staff             ||    30
Throw: Javelin           ||     2
       Stone             ||     1
 Cast: Summon Small Mamm ||    35
       Call Imp          ||     1
Invok: Ancestor Identity ||     1
  Use: Scroll            ||     2
       Potion            ||     1
Armor: Robe              ||     9
Dodge: Dodged            ||    35
